 Dungeon Crawl Stone Soup version 0.19-a0-1007-g133f65f (webtiles) character file.

107 Gagarin the Ruffian (level 4, 0/36 HPs)
             Began as a Draconian Transmuter on July 19, 2016.
             Succumbed to an orc priest's poison
             ... on level 3 of the Dungeon.
             The game lasted 00:08:40 (2775 turns).

Gagarin the Ruffian (Draconian Transmuter)          Turns: 2775, Time: 00:08:40

Health: 0/36       AC:  8    Str: 13    XL:     4   Next: 57%
Magic:  4/7        EV: 12    Int: 15    God:
Gold:   135        SH:  0    Dex: 12    Spells: 2 memorised, 5 levels left

rFire  + . .     SeeInvis .       - Unarmed
rCold  + . .     Gourm    .     (armour unavailable)
rNeg   . . .     Faith    .     (no shield)
rPois  +         Spirit   .     (helmet restricted)
rElec  +         Dismiss  .     (no cloak)
rCorr  +         Reflect  .     q - +2 pair of gloves
SustAt .         Harm     .     (no boots)
MR     .....     Rnd*Tele +     (no amulet)
Stlth  +.........               o - ring of teleportation
                                (no ring)

@: lethally poisoned (0 -> -19), resistant, flying, drained, not resistant to
hostile enchantments, very unstealthy
A: unfitting armour, stinger 1, clever 1, cold-blooded, subdued magic 1, AC +5
a: no special abilities


You were on level 3 of the Dungeon.
You were not hungry.

You visited 1 branch of the dungeon, and saw 3 of its levels.

You collected 135 gold pieces.

Inventory:

Missiles
 a - 24 arrows
Armour
 q - a +2 pair of gloves (worn)
Jewellery
 o - a ring of teleportation (right hand)
Scrolls
 d - 4 scrolls of identify
 g - a scroll of amnesia
Potions
 e - a potion of brilliance
Books
 b - a book of Changes

   Spells                             Type                      Level
   a - Beastly Appendage              Transmutation                1
   b - Sticks to Snakes               Transmutation                2
   c - Spider Form                    Transmutation/Poison         3
   d - Ice Form                       Ice/Transmutation            4
   e - Blade Hands                    Transmutation                5
Comestibles
 c - 2 bread rations
 f - 2 chunks of flesh
 j - a meat ration


   Skills:
 + Level 1.8(0.9) Fighting
 + Level 2.5(1.6) Dodging
 + Level 0.2(0.0) Stealth
 + Level 4.1(3.1) Unarmed Combat
 + Level 2.5(1.6) Spellcasting
 + Level 2.4(1.4) Transmutations


You had 5 spell levels left.
You knew the following spells:

 Your Spells              Type           Power        Failure   Level  Hunger
a - Beastly Appendage     Tmut           #.....       12%         1    ##.....
b - Sticks to Snakes      Tmut           #.......     17%         2    ###....


Dungeon Overview and Level Annotations

Branches:
Dungeon (3/15)

Altars:
Makhleb


Innate Abilities, Weirdness & Mutations

Your plain brown scales are hard. (AC +5)
Your body does not fit into most forms of armour.
You are cold-blooded and may be slowed by cold attacks.
Your tail ends in a poisonous barb.
Your mind is acute. (Int +2)
Your spells are a little easier to cast, but a little less powerful.


Message History

You hit the orc priest but do no damage.
The orc priest is severely wounded.
* * * LOW HITPOINT WARNING * * *
You feel sick. The orc priest closely misses you.
It was a potion of mutation.
You feel extremely strange.
A poisonous barb forms on the end of your tail.
Your connection to magic feels subdued.
You feel clever.
* * * LOW HITPOINT WARNING * * *
You feel sick.
The orc priest hits you with a whip of venom.
* * * LOW HITPOINT WARNING * * *
It was a potion of flight.
You feel very buoyant.
You fly up into the air.
The orc priest hits you with a whip of venom.
* * * LOW HITPOINT WARNING * * *
You are more poisoned.
It was a potion of resistance.
You feel protected.
You die...

...#.............#
##..#.#.########.#
##.##.#.# #.# ...##.#.#
#.# ##.##.#.# #.#
##.##.#.##### #o#
...##.#.....# #o#
##.##.#####.# #o#
#...#.## #.# #@########
.......# #.# #.........
.......####.####.########
.#...............#
.#.....####.######
.....)......#
##.########.# ##.## ...
#...## ...


You could see 2 orc priests and an orc.

Vanquished Creatures
  An adder (D:2)
  2 gnolls
  A worm (D:3)
  3 dart slugs
  2 giant geckos (D:1)
  6 bats
  4 giant cockroaches
  9 goblins
  6 hobgoblins
  A quokka (D:3)
  A ball python (D:2)
  A giant gecko zombie (D:3)
  3 giant newts
  5 kobolds
  6 rats
51 creatures vanquished.

Vanquished Creatures (collateral kills)
  2 gnolls (D:3)
  An orc (D:3)
  A bat (D:2)
  A hobgoblin (D:2)
  A kobold (D:2)
6 creatures vanquished.

Grand Total: 57 creatures vanquished

Notes
Turn   | Place    | Note
-------+----------+-------------------------------------------
     0 | D:1      | Gagarin the Draconian Transmuter began the quest for the Orb.
     0 | D:1      | Reached XP level 1. HP: 16/16 MP: 3/3
   422 | D:1      | Reached XP level 2. HP: 17/23 MP: 3/5
   762 | D:1      | Learned a level 2 spell: Sticks to Snakes
   842 | D:1      | Reached XP level 3. HP: 28/28 MP: 4/6
  1037 | D:2      | Found a burning altar of Makhleb.
  1037 | D:2      | Noticed an Executioner
  1040 | D:2      | Noticed a smoke demon
  1040 | D:2      | Noticed a smoke demon
  2120 | D:3      | Reached XP level 4. HP: 31/35 MP: 7/7
  2213 | D:3      | Reached skill level 4 in Unarmed Combat
  2773 | D:3      | Gained mutation: Your tail ends in a poisonous barb. [potion of mutation]
  2773 | D:3      | Gained mutation: Your spells are a little easier to cast, but a little less powerful. [potion of mutation]
  2773 | D:3      | Gained mutation: Your mind is acute. (Int +2) [potion of mutation]
  2775 | D:3      | Succumbed to an orc priest's poison

Vault maps used:
D:1:      dpeg_arrival_connections
D:2:      makhleb_altar_promises_db
D:3:      tgw_trog

Skill      XL: |  1  2  3  4 |
---------------+-------------+-----
Dodging        | 2 |  2.5
Unarmed Combat | 4 |  4.1
Fighting       | |  1.8
Stealth        | |  0.2
Spellcasting   | |  2.5
Transmutations | |  2.4

Action                   |  1- 3 |  4- 6 || total
-------------------------+-------+-------++-------
Melee: Unarmed           |   143 |    58 ||   201
       Tailslap          |    12 |     5 ||    17
       Kick              |     6 |     2 ||     8
       Headbutt          |     4 |     3 ||     7
       Punch             |     1 |     2 ||     3
 Cast: Beastly Appendage |    22 |     4 ||    26
       Sticks to Snakes  |     4 |     6 ||    10
  Use: Potion            |       |     5 ||     5
       Scroll            |       |     3 ||     3
  Eat: Chunk             |     5 |     3 ||     8
Armor: Skin              |    54 |    32 ||    86
Dodge: Dodged            |   106 |    76 ||   182
